 Dungeon Crawl Stone Soup version 0.28.0 (webtiles) character file.

Game seed: 6487567459652750013

105 P0WERM0DE the Skirmisher (level 4, -3/37 HPs)
             Began as a Demonspawn Chaos Knight on Feb 12, 2022.
             Was a Plaything of Xom.
             Killed by the air
             ... invoked by Terence the wind drake (shapeshifter)
              (20 damage)
             ... on level 2 of the Dungeon.
             The game lasted 00:01:01 (1524 turns).

P0WERM0DE the Skirmisher (Demonspawn Chaos Knight)  Turns: 1524, Time: 00:01:01

Health: -3/37      AC:  5    Str: 14    XL:     4   Next: 54%
Magic:  4/4        EV: 11    Int: 14    God:    Xom [*.....]
Gold:   30         SH:  0    Dex: 12    Spells: 3/3 levels left

rFire   . . .      SeeInvis .   a - +0 hand axe (chaos)
rCold   . . .      Faith    .   (no shield)
rNeg    . . .      Spirit   .   b - +2 leather armour
rPois   .          Reflect  .   (no helmet)
rElec   .          Harm     .   f - scarf {+Inv}
rCorr   .          Rampage  .   (no gloves)
Will    .....                   (no boots)
Stlth   +.........              g - amulet of regeneration
HPRegen 0.92/turn               (no ring)
MPRegen 0.09/turn               (no ring)

@: no status effects
A: claws 1, sturdy frame 1
a: Renounce Religion, Evoke Invisibility


You were on level 2 of the Dungeon.
You worshipped Xom.
You were a special plaything of Xom.
You visited 1 branch of the dungeon, and saw 2 of its levels.

You collected 30 gold pieces.

Inventory:

Hand Weapons
 a - a +0 hand axe of chaos (weapon)
 e - a +0 antimagic short sword
   (You took it off a kobold on level 1 of the Dungeon)
Armour
 b - a +2 leather armour (worn)
 f - a scarf of invisibility (worn)
   (You found it on level 1 of the Dungeon)
Jewellery
 g - an amulet of regeneration (around neck)
   (You found it on level 1 of the Dungeon)
Scrolls
 c - a scroll of identify {unknown}
 d - 3 scrolls of teleportation {unknown}
Potions
 h - a potion of brilliance {unknown}
 i - a potion of berserk rage {unknown}


   Skills:
 * Level 3.7 Fighting
 * Level 3.4 Axes
 * Level 2.7 Armour
 - Level 0.8 Dodging
 * Level 1.4 Evocations


You had 3 spell levels left.
You didn't know any spells.
Your spell library was empty.

Dungeon Overview and Level Annotations

Branches:
Dungeon (2/15)

Altars:
Ashenzari
Xom

Shops:
D:1 (

Annotations:
D:2 Terence


Innate Abilities, Weirdness & Mutations

You have sharp fingernails.
Your movements are slightly less encumbered by armour. (ER -2)


Message History

No reachable target in view!
No reachable target in view!
No reachable target in view!
No reachable target in view!
No reachable target in view!
No reachable target in view!
No reachable target in view!
No reachable target in view!
Terence the Incautious comes into view.
He is wielding a +0 flail.
Terence shouts!
The adder barely misses you.
You closely miss the adder. The adder barely misses you.
You hit the adder. You burn the adder.
The adder is severely wounded.
The adder closely misses you. The adder bites you but does no damage.
You barely miss the adder.
The adder is severely wounded.
The adder closely misses you.
You barely miss the adder.
The adder is severely wounded.
The adder closely misses you. x2
You hit the adder.
You kill the adder!
You barely miss Terence. Terence hits you with a +0 flail!
You barely miss Terence. Terence barely misses you.
You closely miss Terence. Terence hits you with a +0 flail!
You hit Terence.
Terence is lightly wounded.
Terence hits you with a +0 flail!
You are too injured to fight recklessly!
You are too injured to fight recklessly!
You are too injured to fight recklessly!
You slash Terence!
Terence changes into a shapeshifter!
Terence the shapeshifter changes into a wind drake!
You hit Terence but do no damage. Terence flaps its wings at you.
The air twists around and strikes you!!
Ouch! That really hurt!
You die...
Xom giggles madly!

..# . ..# +#+## ... #.#
... ... #.#.####.####
.#.# #.#....[.....
...#+#.#####...#######.#
#.............k@......#
#.............#†#######
.#......≈≈≈....#≈≈#
.#....#.≈≈≈....#≈≈≈#
.#....#.≈≈≈##'##≈≈≈#
.#.####≈≈≈≈#...#≈≈≈≈
.#.....≈≈≈≈#._.#≈≈≈≈#
.#..###≈≈≈≈#!..#≈≈≈≈.
.#.....≈≈≈≈#####≈≈≈≈


You could see Terence the wind drake shaped shifter.

Vanquished Creatures
  Jessica (D:2)
  2 adders (D:2)
  2 dart slugs
  4 ball pythons
  4 endoplasms
  5 giant cockroaches
  7 goblins
  5 hobgoblins
  3 jackals (D:1)
  7 kobolds
  3 quokkas
  4 bats (D:1)
  2 frilled lizards (D:1)
  4 rats
53 creatures vanquished.

Notes
Turn   | Place    | Note
-------+----------+-------------------------------------------
     0 | D:1      | P0WERM0DE the Demonspawn Chaos Knight began the quest for
                  | the Orb.
     0 | D:1      | Reached XP level 1. HP: 18/18 MP: 1/1
   233 | D:1      | Gained mutation: Your movements are slightly less
                  | encumbered by armour. (ER -2) [demonic ancestry]
   233 | D:1      | Reached XP level 2. HP: 16/24 MP: 2/2
   372 | D:1      | XOM: silly message
   782 | D:1      | Gained mutation: You have sharp fingernails. [demonic
                  | ancestry]
   782 | D:1      | Reached XP level 3. HP: 29/29 MP: 3/3
   783 | D:1      | XOM: god gift: fuming silvery potion {god gift}
   791 | D:1      | Found Lauffawn's Antique Weapon Shop.
  1068 | D:1      | XOM: silly message
  1126 | D:2      | Reached skill level 1 in Evocations
  1142 | D:2      | Noticed Jessica
  1153 | D:2      | Killed Jessica
  1154 | D:2      | Reached XP level 4. HP: 32/37 MP: 4/4
  1367 | D:2      | Found a faded altar of an unknown god.
  1379 | D:2      | XOM: scenery: create altars
  1502 | D:2      | Found a broken altar of Ashenzari.
  1513 | D:2      | Noticed Terence
  1523 | D:2      | Noticed Terence
  1523 | D:2      | Terence changed into Terence the shapeshifter
  1523 | D:2      | Noticed Terence
  1523 | D:2      | Terence the shapeshifter changed into Terence the wind
                  | drake
  1524 | D:2      | Killed from afar by Terence the wind drake (shapeshifter)

Illustrated notes

Levels and vault maps discovered:
D:1:      dpeg_chamrin_arrival_tetris, layout_loops_ring, serial_shops, shop,
          st_stairs_9
D:2:      layout_basic, nicolae_ecumenical_lake_church, basic_altar,
          serial_shops, nicolae_shop_overgrown_old_shop, uniq_terence,
          uniq_jessica

Skill      XL: |  1  2  3 |
---------------+----------+-----
Armour         | 2 |  2.7
Axes           | 3 |  3.4
Evocations     | 1 |  1.4
Fighting       | |  3.7
Dodging        | |  0.8

Action                   |  1- 3 |  4- 6 || total
-------------------------+-------+-------++-------
Melee: Hand axe          |   108 |    27 ||   135
Armor: Leather armour    |    50 |     3 ||    53
Dodge: Dodged            |    62 |    18 ||    80
